 Dungeon Crawl Stone Soup version 0.28.0-53-g5a82cb258f (webtiles) character file.

Game seed: 8324755789823070885

605 MiltankisOP the Skirmisher (level 7, -14/46 HPs)
             Began as a Gargoyle Fighter on June 14, 2022.
             Demolished by an ogre
             ... wielding a +0 giant club
              (27 damage)
             ... on level 4 of the Dungeon.
             The game lasted 00:06:08 (3811 turns).

MiltankisOP the Skirmisher (Gargoyle Fighter)       Turns: 3811, Time: 00:06:09

Health: -14/46     AC: 15    Str: 22    XL:     7   Next: 42%
Magic:  7/7        EV:  9    Int:  8    God:
Gold:   224        SH:  4    Dex:  9    Spells: 6/6 levels left

rFire   . . .      SeeInvis .   t - +3 short sword (speed)
rCold   . . .      Faith    .   c - +0 buckler
rNeg    + . .      Spirit   .   b - +0 scale mail
rPois   ∞          Reflect  .   B - +1 hat
rElec   +          Harm     .   l - +1 cloak
rCorr   .          Rampage  .   (no gloves)
Will    .....                   (no boots)
Stlth   ..........              (no amulet)
HPRegen 0.15/turn               (no ring)
MPRegen 0.10/turn               (no ring)

@: no status effects
A: sickness immunity, AC +4, negative energy resistance 1, electricity
resistance, torment resistance 1, petrification resistance
a: no special abilities


You were on level 4 of the Dungeon.
You visited 1 branch of the dungeon, and saw 5 of its levels.

You collected 224 gold pieces.

Inventory:

Hand Weapons
 a - a +0 flail
 t - a +3 short sword of speed (weapon)
 u - a +2 trident of venom
Armour
 b - a +0 scale mail (worn)
 c - a +0 buckler (worn)
 l - a +1 cloak (worn)
 B - a +1 hat (worn)
Jewellery
 x - the ring "Oliusumu" {Fire rN++ Will- Stlth+}
   (You found it on level 4 of the Dungeon)

   [ring of fire]

   It enhances your fire magic.
   rF:        It protects you from fire.
   rC:        It makes you vulnerable to cold.
   rN:        It greatly protects you from negative energy.
   Will:      It decreases your willpower.
   Stlth:     It makes you more stealthy.
 y - a ring of positive energy
 z - an amulet of magic regeneration
 A - a ring of resist corrosion
Scrolls
 g - 2 scrolls of immolation {unknown}
 h - a scroll of enchant weapon {unknown}
 k - 2 scrolls of fear {unknown}
 m - 2 scrolls of noise {unknown}
 n - 2 scrolls of teleportation {unknown}
 o - 2 scrolls of vulnerability {unknown}
 q - 2 scrolls of fog {unknown}
 r - a scroll of summoning {unknown}
 w - 3 scrolls of identify {unknown}
Potions
 d - 2 potions of might
 e - a potion of heal wounds {unknown}
 f - a potion of degeneration {unknown}
 i - a potion of brilliance {unknown}
 j - 4 potions of curing {unknown}
 p - a potion of resistance {unknown}
 s - a potion of ambrosia {unknown}
 v - 2 potions of flight {unknown}


   Skills:
 - Level 6.2 Fighting
 - Level 4.4 Maces & Flails
 + Level 5.9 Armour
 - Level 3.2 Shields


You had 6 spell levels left.
You didn't know any spells.
Your spell library contained the following spells:

 Spells                   Type           Power      Damage    Failure   Level
 Sting                    Tmut/Pois      0%         1d3       80%         1
 Summon Small Mammal      Summ           0%         N/A       80%         1
 Call Canine Familiar     Summ           0%         N/A       99%         3
 Summon Guardian Golem    Hex/Summ       0%         N/A       99%         3


Dungeon Overview and Level Annotations

Branches:
Dungeon (5/15)
 Temple: D:4-7

Altars:
Kikubaaqudgha

Shops:
D:3 [


Innate Abilities, Weirdness & Mutations

You are immune to sickness and miasma.
Your stone body is resilient. (AC +4)
You are immune to poison.
You resist negative energy. (rN+)
You are resistant to electric shocks. (rElec)
You are resistant to unholy torment.
You are immune to petrification.


Message History

The gnoll is heavily wounded.
The gnoll hits you but does no damage.
You barely miss the gnoll.
The gnoll is heavily wounded.
The gnoll completely misses you. The ogre hits you with a +0 giant club!
You barely miss the gnoll.
The gnoll is heavily wounded.
The gnoll hits you with a +0 spear.
You hit the gnoll.
The gnoll is severely wounded.
The ogre hits you with a +0 giant club!
You hit the gnoll.
The gnoll is almost dead.
The gnoll hits you but does no damage.
You are no longer glowing.
You block the gnoll's attack.
Items here: ))) [ †††.
There is a stone staircase leading up here.
The ogre barely misses you.
You climb upwards.
There is a stone staircase leading down here.
You hit the ogre.
The ogre is lightly wounded.
The ogre hits you but does no damage.
You hit the ogre.
The ogre is moderately wounded.
You barely miss the ogre.
The ogre is moderately wounded.
The ogre misses you.
You hit the ogre.
The ogre is moderately wounded.
You barely miss the ogre.
The ogre is moderately wounded.
The ogre hits you with a +0 giant club.
* * * LOW HITPOINT WARNING * * *
You hit the ogre but do no damage.
The ogre is moderately wounded.
The ogre hits you with a +0 giant club!!
Ouch! That really hurt!
You die...

##### #...# #...#
....#
##'###############
#...............#
###########..###.####
.....######.........#
................@##.#
...............#O##.#
.###.##.######.#....#
...#.......<...######
##.####.##...###
.............#
..#####.###### ..#
#.# ..#####.#


You could see an ogre.

Vanquished Creatures
  Grinder (D:3)
  A necrophage (D:4)
  A gnoll shaman (D:5)
  A hound (D:4)
  An orc priest (D:3)
  Terence (D:3)
  Robin (D:3)
  5 gnolls
  5 adders
  3 worms
  3 dart slugs
  6 orcs
  9 ball pythons
  9 bats
  A bat zombie (D:4)
  6 endoplasms
  3 giant cockroaches
  10 goblins
  10 hobgoblins
  3 jackals (D:1)
  4 quokkas
  A frilled lizard (D:2)
  3 kobolds
  2 rats
  3 rat zombies (D:4)
93 creatures vanquished.

Vanquished Creatures (others)
  3 fungi (D:3)
  A plant (D:3)
  4 toadstools (D:1)
8 creatures vanquished.

Grand Total: 101 creatures vanquished

Notes
Turn   | Place    | Note
-------+----------+-------------------------------------------
     0 | D:1      | MiltankisOP the Gargoyle Fighter began the quest for the
                  | Orb.
     0 | D:1      | Reached XP level 1. HP: 14/14 MP: 1/1
    99 | D:1      | Reached XP level 2. HP: 19/19 MP: 2/2
   517 | D:1      | Reached XP level 3. HP: 22/23 MP: 3/3
  1063 | D:2      | Reached XP level 4. HP: 22/28 MP: 4/4
  1926 | D:3      | Found a faded altar of an unknown god.
  1928 | D:3      | Reached skill level 4 in Fighting
  1934 | D:3      | Got Plato's Disquisition on Transmutation
  1956 | D:3      | Reached XP level 5. HP: 33/33 MP: 5/5
  1983 | D:3      | Noticed Grinder
  1983 | D:3      | Paralysed by Grinder for 7 turns
  2012 | D:3      | Paralysed by Grinder for 6 turns
  2020 | D:3      | Paralysed by Grinder for 7 turns
  2034 | D:3      | Killed Grinder
  2035 | D:3      | Reached skill level 6 in Fighting
  2035 | D:3      | Reached XP level 6. HP: 24/41 MP: 6/6
  2192 | D:3      | Noticed Terence
  2206 | D:3      | Killed Terence
  2461 | D:3      | Found Paco's Antique Armour Boutique.
  2513 | D:3      | Noticed Robin
  2541 | D:3      | Killed Robin
  3285 | D:4      | Identified the ring "Oliusumu" {Fire rN++ Will- Stlth+}
  3363 | D:4      | Reached XP level 7. HP: 46/46 MP: 7/7
  3485 | D:4      | Reached skill level 5 in Armour
  3656 | D:4      | Found an ancient bone altar of Kikubaaqudgha.
  3717 | D:5      | Entered Level 5 of the Dungeon
  3811 | D:4      | Demolished by an ogre

Illustrated notes

Levels and vault maps discovered:
D:1:      ldierk_water_garden, layout_basic
D:2:      layout_loops_cross, fountainhead
D:3:      layout_loops_ring, shapermc_ecumenical_altar_rom_forum, serial_shops,
          shop, minmay_quantized, uniq_grinder, uniq_terence, uniq_robin
D:4:      layout_basic, lemuel_zombie_altar_kikubaaqudgha
D:5:      layout_basic

Skill      XL: |  1  2  3  4  5  6  7 |
---------------+----------------------+-----
Maces & Flails | 3 4 |  4.4
Fighting       | 4 6 |  6.2
Armour         | 4 5 |  5.9
Shields        | |  3.2

Action                   |  1- 3 |  4- 6 |  7- 9 || total
-------------------------+-------+-------+-------++-------
Melee: Flail             |    82 |    25 |       ||   107
       Short sword       |       |   185 |    73 ||   258
Armor: Scale mail        |    36 |    92 |    30 ||   158
Dodge: Dodged            |    35 |    67 |    13 ||   115
Block: Buckler           |    11 |    27 |    10 ||    48
